 Dungeon Crawl Stone Soup version 0.17.1-3-g152610e (webtiles) character file.

87 juanjsm the Digger (level 4, -8/24 HPs)
             Began as a Gargoyle Earth Elementalist on Mar 14, 2016.
             Killed by divine providence
             ... invoked by an orc priest
              (14 damage)
             ... on level 3 of the Dungeon.
             The game lasted 00:19:18 (1547 turns).

juanjsm the Digger (Gargoyle Earth Elementalist)    Turns: 1547, Time: 00:19:19

Health: -8/24      AC:  8    Str: 12      XL:     4   Next: 51%
Magic:  0/7        EV: 11    Int: 16      God:
Gold:   48         SH:  0    Dex:  8 (10) Spells: 3 memorised, 2 levels left

rFire  . . .     SeeInvis .     q - +0 short sword (holy)
rCold  . . .     Clarity  .     m - +0 leather armour
rNeg   + . .     SustAt   .     (no shield)
rPois  ∞         Gourm    .     i - +0 helmet
rElec  +         Spirit   .     (no cloak)
rCorr  .         Warding  .     (no gloves)
rMut   .         Stasis   .     s - +0 pair of boots (curse)
MR     .....                    (no amulet)
Stlth  +.........               (no ring)
                                (no ring)

@: very slightly contaminated, not resistant to hostile enchantments, very
unstealthy
A: negative energy resistance 1, electricity resistance, unbreathing,
petrification resistance, rot immunity, AC +3
a: no special abilities


You were on level 3 of the Dungeon.
You were not hungry.

You visited 1 branch of the dungeon, and saw 3 of its levels.

You collected 48 gold pieces.

Inventory:

Hand Weapons
 q - a +0 short sword of holy wrath (weapon)
Missiles
 b - 83 stones (quivered)
Armour
 a - a +0 robe
 i - a +0 helmet (worn)
 m - a +0 leather armour (worn)
 s - a cursed +0 pair of boots (worn)
Jewellery
 o - an uncursed amulet of guardian spirit
Scrolls
 e - a scroll of fog {unknown}
 g - 3 scrolls of identify {unknown}
 h - a scroll of amnesia {unknown}
 k - a scroll of teleportation {unknown}
 p - 2 scrolls of magic mapping {unknown}
Potions
 t - a potion of agility {unknown}
Books
 c - a book of Geomancy

   Spells                             Type                      Level
   a - Sandblast                      Earth                        1
   b - Stoneskin                      Transmutation/Earth          2
   c - Passwall                       Transmutation/Earth          3
   d - Stone Arrow                    Conjuration/Earth            3
   e - Petrify                        Transmutation/Earth          4
   f - Lee's Rapid Deconstruction     Earth                        5
Comestibles
 d - 2 bread rations
 f - a meat ration
 r - 3 fruits
 u - a chunk of flesh


   Skills:
 + Level 0.9 Armour
 + Level 2.3 Dodging
 + Level 2.1 Stealth
 + Level 0.6 Unarmed Combat
 + Level 2.6 Spellcasting
 + Level 0.7 Transmutations
 + Level 4.7 Earth Magic


You had 2 spell levels left.
You knew the following spells:

 Your Spells              Type           Power        Failure   Level  Hunger
a - Sandblast             Erth           ###...       4%          1    #......
b - Stoneskin             Trmt/Erth      ##......     14%         2    ##.....
c - Stone Arrow           Conj/Erth      #.....       28%         3    ###....


Dungeon Overview and Level Annotations

Branches:
Dungeon (3/15)

Altars:
Nemelex Xobeh
Okawaru
Xom


Innate Abilities, Weirdness & Mutations

You are resistant to torment.
Your stone body is resilient (AC +3).
You are immune to poison.
You resist negative energy.
You are resistant to electric shocks.
You can survive without breathing.
You are immune to petrification.
You are immune to rotting.


Message History

Drink which item? (? for menu, Esc to quit)
It was a potion of heal wounds.
You feel much better. The orc hits you but does no damage.
The orc priest mumbles some strange prayers to Beogh against you.
Something smites you!
Ouch! That really hurt!
* * * LOW HITPOINT WARNING * * *
Casting: Sandblast
Confirm with . or Enter, or press ? or * to list all spells.
Aiming: Sandblast
Press: ? - help, Shift-Dir - straight line, f/p - orc
Aim: an orc, wielding a short sword and wearing a leather armour The blast of sand hits the orc.
The orc is severely wounded.
The orc hits you but does no damage.
The orc priest miscasts a cantrip.
The orc priest invokes the aid of Beogh against you.
Something smites you!
Ouch! That really hurt!
You die...

#.....#(.#.#.# #.# #.#
#.....#..#.#.# #.# #)#
....[....#.#.####.#####.#
.#
.[....#.................#
#o#
.#)..#####........#######
#.# .##.## ###..##### #.#
.##.### #..#############
#.# .##)..#
##..............# #.#.
.####.#
#.....@..#..o...####.#.
.# .#
##..#o##...####..).....
.# # ##[#.######
##.####.#. .# #.#.#
######...###.# .#
##.#o###............# .#
##........####...##### ##
####.#.#.##### ##>##
#......##.# #.#
#.##.#.#o## #.#


You could see an orc priest and an orc.

Vanquished Creatures
  4 adders
  A giant gecko (D:1)
  An orc (D:3)
  9 bats
  3 giant cockroaches
  4 goblins
  9 hobgoblins
  6 kobolds
  2 giant newts (D:1)
  5 rats
44 creatures vanquished.

Notes
Turn   | Place    | Note
--------------------------------------------------------------
     0 | D:1      | juanjsm the Gargoyle Earth Elementalist began the quest for the Orb.
     0 | D:1      | Reached XP level 1. HP: 10/10 MP: 3/3
   132 | D:1      | Reached skill level 4 in Earth Magic
   334 | D:1      | Reached XP level 2. HP: 15/15 MP: 3/5
   685 | D:2      | Reached XP level 3. HP: 16/19 MP: 2/6
   689 | D:2      | Learned a level 2 spell: Stoneskin
   699 | D:2      | Learned a level 3 spell: Stone Arrow
   988 | D:2      | Reached XP level 4. HP: 12/24 MP: 1/7
  1141 | D:2      | Found a sparkling altar of Nemelex Xobeh.
  1208 | D:2      | Found an iron altar of Okawaru.
  1208 | D:2      | Found a shimmering altar of Xom.
  1547 | D:3      | Killed from afar by an orc priest

Action                   |  1- 3 |  4- 6 || total
-------------------------+-------+-------++-------
Melee: Unarmed           |    56 |       ||    56
       Short sword       |    49 |    13 ||    62
 Cast: Sandblast         |    56 |    12 ||    68
       Stone Arrow       |       |     5 ||     5
  Use: Potion            |       |     3 ||     3
 Stab: Sleeping          |       |     2 ||     2
  Eat: Chunk             |     1 |     3 ||     4
